 Dungeon Crawl Stone Soup version 0.23-a0-208-gb6b040f (webtiles) character file.

62 iamserjio the Magician (level 4, -1/35 HPs)
             Began as a Formicid Wanderer on Sept 25, 2018.
             Was an Initiate of Nemelex Xobeh.
             Killed from afar by an orc wizard (7 damage)
             ... with a magic dart
             ... on level 2 of the Dungeon.
             The game lasted 00:04:12 (1717 turns).

iamserjio the Magician (Formicid Wanderer)          Turns: 1717, Time: 00:04:13

Health: -1/35      AC:  8    Str: 13    XL:     4   Next: 28%
Magic:  10/10      EV: 15    Int: 15    God:    Nemelex Xobeh [......]
Gold:   94         SH:  0    Dex: 16    Spells: 11/11 levels left

rFire    . . .     SeeInvis +   a - +2 shortbow
rCold    . . .     Gourm    .   (no shield)
rNeg     . . .     Faith    .   c - +0 ring mail
rPois    .         Spirit   .   (helmet unavailable)
rElec    .         Reflect  .   (no cloak)
rCorr    .         Harm     .   h - +2 pair of gloves
MR       .....                  (no boots)
Stlth    +.........             (no amulet)
HPRegen  0.11/turn              (no ring)
MPRegen  0.12/turn              (no ring)

@: confused, agile
A: permanent stasis, dig shafts and tunnels, four strong arms, antennae 3
a: Dig, Shaft Self, Renounce Religion


You were on level 2 of the Dungeon.
You worshipped Nemelex Xobeh.
Nemelex Xobeh was noncommittal.
You were not hungry.

You visited 1 branch of the dungeon, and saw 3 of its levels.

You collected 94 gold pieces.

Inventory:

Hand Weapons
 a - a +2 shortbow (weapon)
 j - a +0 hunting sling
 u - a +0 hunting sling
Missiles
 b - 19 arrows (quivered)
 i - 72 stones
 p - 16 sling bullets
Armour
 c - a +0 ring mail (worn)
 g - a cursed +0 large shield
 h - a +2 pair of gloves (worn)
 k - a +0 shield
Jewellery
 o - an uncursed ring of protection from cold {unknown}
Scrolls
 d - 3 scrolls of teleportation {unknown}
 e - a scroll of blinking {unknown}
 l - a scroll of fog {unknown}
 q - a scroll of identify {unknown}
 s - a scroll of noise {unknown}
 w - a scroll of random uselessness {unknown}
Potions
 n - a potion of might {unknown}
 v - a potion of magic {unknown}
Miscellaneous
 t - a plain deck of escape
Comestibles
 f - 6 rations
 r - a chunk of flesh


   Skills:
 + Level 3.2 Fighting
 - Level 1.5 Bows
 - Level 1.1 Armour
 - Level 1.2 Stealth
 + Level 2.3 Shields
 - Level 4.3 Spellcasting
   Level 1.0 Conjurations
 + Level 1.0 Invocations


You had 11 spell levels left.
You didn't know any spells.
Your spell library contained the following spells:

 Spells                   Type           Power        Failure   Level  Hunger
 Shock                    Conj/Air       #...         30%         1    None
 Mephitic Cloud           Conj/Pois/Air  #.......     67%         3    ###....


Dungeon Overview and Level Annotations

Branches:
Dungeon (3/15)

Altars:
Nemelex Xobeh


Innate Abilities, Weirdness & Mutations

You cannot be hasted, slowed, berserked, paralysed or teleported.
You can dig through walls and to a lower floor.
Your four strong arms can wield two-handed weapons with a shield.
You have a pair of large antennae on your head. (SInv)


Message History

Aim: an orc wizard, wielding a dagger and wearing a robe (almost dead, slightly You shoot an arrow.
The arrow closely misses the orc wizard.
The bat barely misses you. The orc wizard casts a spell at you.
The magic dart hits you!
Firing (i - inventory. (/) - cycle)
b - 20 arrows (quivered)
Aim: an orc wizard, wielding a dagger and wearing a robe (almost dead, slightly You shoot an arrow.
The orc wizard gestures at you while chanting.
The puff of flame hits you!
* * * LOW HITPOINT WARNING * * *
The bat hits you but does no damage.
It was a potion of agility.
You feel agile all of a sudden. The bat closely misses you.
The orc wizard casts a spell at you. The magic dart hits you!
You die...
Your body disappears without a glow.

###### #....#
#.##.#
#######.##.####
......#.##....#
......#.#####.#
......#.# #.#
......#.#####.####
..............b.@#
.......####.#.##o#
.......##...#.##.#
.......##.......(#
######.#...##.####
#.#.#.##.#
###......#
##.#######
#########.......#


You could see an orc wizard (invisible) and a bat.

Vanquished Creatures
  2 adders
  A dart slug (D:1)
  A leopard gecko (D:2)
  9 bats
  3 giant cockroaches
  6 goblins
  3 hobgoblins (D:1)
  5 jackals (D:2)
  A ball python (D:2)
  2 frilled lizards (D:2)
  5 rats
38 creatures vanquished.

Notes
Turn   | Place    | Note
-------+----------+-------------------------------------------
     0 | D:1      | iamserjio the Formicid Wanderer began the quest for the
                  | Orb.
     0 | D:1      | iamserjio set off with: a +2 shortbow, 21 arrows, a +0 ring
                  | mail, a ration
     0 | D:1      | Reached XP level 1. HP: 13/13 MP: 5/5
    22 | D:1      | Reached skill level 1 in Fighting
   131 | D:1      | Reached XP level 2. HP: 20/21 MP: 7/7
   549 | D:1      | Reached XP level 3. HP: 28/28 MP: 8/8
   667 | D:2      | Found a sparkling altar of Nemelex Xobeh.
  1086 | D:2      | Became a worshipper of Nemelex Xobeh the Trickster
  1319 | D:2      | Received a gift from Nemelex Xobeh
  1477 | D:2      | Reached XP level 4. HP: 26/35 MP: 10/10
  1626 | D:2      | Reached skill level 1 in Invocations
  1717 | D:2      | Killed from afar by an orc wizard

Vault maps used:
D:1:      giann_bridges
D:2:      nicolae_overflow_hidden_temple, first_ration, minmay_misc_feat_x,
          nemelex_xobeh_ov_fountains_minmay
D:3:      marbit_many_paths, serial_park_tiny_1, serial_bayou_pond_d

Skill      XL: |  1  2  3  4 |
---------------+-------------+-----
Fighting       | 1 2 3 |  3.2
Shields        | 2 |  2.3
Invocations    | 1 |  1.0
Bows           | |  1.5
Armour         | |  1.1
Stealth        | |  1.2
Spellcasting   | |  4.3
Conjurations   | |  1.0

Action                   |  1- 3 |  4- 6 || total
-------------------------+-------+-------++-------
 Fire: Shortbow          |    94 |    30 ||   124
  Use: Potion            |       |     1 ||     1
  Eat: Chunk             |     2 |       ||     2
Armor: Ring mail         |    23 |    17 ||    40
Dodge: Dodged            |    32 |    21 ||    53

Table legend:
 A = Non-vault XP
 B = Vault XP
 C = Vault XP percentage of total XP
 D = Non-vault monster count
 E = Vault monster count
 F = Vault count percentage of total count
                 A         B        C        D         E       F
            +---------+---------+-------+---------+---------+-------
      Total |      89 |       0 |   0.0 |      38 |       0 |   0.0
            +---------+---------+-------+---------+---------+-------
        D:1 |      44 |       0 |   0.0 |      18 |       0 |   0.0
        D:2 |      45 |       0 |   0.0 |      20 |       0 |   0.0
            +---------+---------+-------+---------+---------+-------
